[Event "Titled Tuesday Blitz August 17 2021"]
[White "Maevsky, Nikolay"]
[Black "Bacrot, Etienne"]
[WhiteFideId "4198220"]
[BlackFideId "605506"]
[WhiteElo "2213"]
[BlackElo "2673"]
[Result "0-1"]
[Round "02"]
[TimeControl "180+1"]
[Date "2021.08.17"]
[WhiteClock "0:00:20"]
[BlackClock "0:00:48"]

1. d4 Nf6 2. Nf3 e6 3. e3 b6 4. Bd3 Bb7 5. Nbd2 d5 6. b3 Bd6 7. Bb2 Nbd7 8. O-O Ne4 9. c4 O-O 10. Rc1 f5 11. Ne5 Bxe5 12. dxe5 Ndc5 13. Nxe4 dxe4 14. Be2 Nd3 15. Rc2 Qg5 16. Rd2 f4 17. exf4 Nxf4 18. Bg4 Nxg2 19. Rd4 Nf4 20. Bc1 h5 21. h3 hxg4 22. h4 Nh3+ 23. Kh2 Qxh4 24. Be3 Nxf2+ 0-1


[Site "https://www.chess.com"]

[Event "Titled Tuesday Blitz August 17 2021"]
[White "Majer, Damir"]
[Black "Atabayev, Maksat"]
[WhiteFideId "4615689"]
[BlackFideId "14001101"]
[WhiteElo "2401"]
[BlackElo "2457"]
[Result "1-0"]
[Round "02"]
[TimeControl "180+1"]
[Date "2021.08.17"]
[WhiteClock "0:00:09"]
[BlackClock "0:00:26"]

1. d4 c5 2. e3 Nf6 3. Nf3 g6 4. c4 Bg7 5. Nc3 O-O 6. d5 d6 7. Be2 a6 8. a4 e6 9. O-O exd5 10. cxd5 Re8 11. h3 Nbd7 12. Qc2 Qc7 13. Nd2 Rb8 14. Rd1 b6 15. Bf1 Bb7 16. Nc4 Ne5 17. Na3 Nh5 18. f4 Nd7 19. Ne4 Ndf6 20. Nxf6+ Nxf6 21. Bc4 Rbd8 22. Qd3 Qc8 23. Nb1 Ne4 24. Nc3 f5 25. Nxe4 Rxe4 26. Ra2 Rde8 27. b3 h5 28. Kh1 Kh7 29. Rf2 Bf6 30. Rf3 R8e7 31. Rdf1 a5 32. Rd1 Qe8 33. Qd2 Qh8 34. Qd3 Qg7 35. Rff1 Qf7 36. Rf2 Qe8 37. Rf3 Bc8 38. Qd2 h4 39. Bd3 Rb4 40. Bc4 Re4 41. Qc2 Rbxc4 42. bxc4 Ba6 43. Qb3 Qd8 44. Bb2 Bxc4 45. Qc2 Ba6 46. Bxf6 Qxf6 47. Rb1 Rc4 48. Qf2 Qd8 49. Qe1 Rxa4 50. Rf2 Bd3 51. Rc1 Be4 52. Rb2 Rb4 53. Rxb4 axb4 54. Ra1 Qc7 55. Qxh4+ Kg7 56. Ra8 Bxd5 57. Qh8+ Kf7 58. Qf8+ Ke6 59. Re8+ Qe7 60. Qxe7# 1-0


[Site "https://www.chess.com"]

[Event "Titled Tuesday Blitz August 17 2021"]
[White "Maksimovic, Bojan"]
[Black "Klimciauskas, Domantas"]
[WhiteFideId "14408120"]
[BlackFideId "12802999"]
[WhiteElo "2439"]
[BlackElo "2253"]
[Result "1-0"]
[Round "02"]
[TimeControl "180+1"]
[Date "2021.08.18"]
[WhiteClock "0:00:10"]
[BlackClock "0:00:01"]

1. g3 g6 2. h4 h5 3. c4 Bg7 4. Nc3 c5 5. d3 Nc6 6. Bd2 e5 7. Bg2 Nf6 8. Bg5 d6 9. Nf3 Qc7 10. Bxf6 Bxf6 11. Nd5 Qd8 12. Nd2 Bg7 13. Ne4 O-O 14. O-O Bf5 15. a3 a5 16. Qa4 Rb8 17. e3 Kh8 18. b4 axb4 19. axb4 cxb4 20. Nxb4 Nxb4 21. Qxb4 d5 22. cxd5 Qxd5 23. Nd6 Qxd3 24. Rfd1 Qe2 25. Nxf5 gxf5 26. Rab1 b6 27. Bf1 Qg4 28. Qd2 Bf6 29. Rb4 Qg6 30. Qc2 Kg7 31. Bh3 e4 32. Kh2 Be5 33. Rb5 Rfe8 34. Rdd5 Qf6 35. Qe2 Kg6 36. Qa2 Rbd8 37. Qb3 Rxd5 38. Qxd5 Re6 39. Kg2 Kg7 40. Qd1 Kg6 41. Kg1 Kh6 42. Bf1 Qg6 43. Kh2 Qg4 44. Qxg4 fxg4 45. Bc4 Re7 46. Rxb6+ f6 47. Bd5 Bc3 48. Rc6 Bb2 49. Rc2 Ba1 50. Ra2 Bc3 51. Ra3 Bb2 52. Rb3 Ba1 53. Rb6 Kh7 54. Kg2 Kg7 55. Be6 Kg6 56. Bc8 Kg7 57. Ra6 Bb2 58. Bf5 1-0


[Site "https://www.chess.com"]

[Event "Titled Tuesday Blitz August 17 2021"]
[White "Manukyan, Sargis A."]
[Black "Mekhitarian, Krikor Sevag"]
[WhiteFideId "13303970"]
[BlackFideId "2107660"]
[WhiteElo "2187"]
[BlackElo "2598"]
[Result "1-0"]
[Round "02"]
[TimeControl "180+1"]
[Date "2021.08.17"]
[WhiteClock "0:00:13"]
[BlackClock "0:00:05"]

1. d4 Nf6 2. c4 e6 3. Nc3 Bb4 4. Bd2 d5 5. Nf3 dxc4 6. e3 a6 7. Bxc4 b5 8. Bb3 Bb7 9. O-O O-O 10. Rc1 Bd6 11. Qe2 Nbd7 12. h3 c5 13. dxc5 Nxc5 14. Bc2 Rc8 15. Rfd1 Qe7 16. e4 e5 17. Bg5 h6 18. Bh4 Ne6 19. Bxf6 gxf6 20. Nh4 Bb4 21. Nf5 Qc7 22. Bb3 Ng5 23. Nd5 Qxc1 24. Nxf6+ Kh8 25. Rxc1 Rxc1+ 26. Kh2 Rc6 27. Nd5 Bc5 28. h4 Ne6 29. Qg4 Rg8 30. Qf3 Bf8 31. Nde7 Nd4 32. Nxd4 Bxe7 33. Nxc6 Bxc6 34. Qxf7 Bxh4 35. Qxg8# 1-0


[Site "https://www.chess.com"]

[Event "Titled Tuesday Blitz August 17 2021"]
[White "Manukyan, Sargis A."]
[Black "Shahade, Gregory"]
[WhiteFideId "13303970"]
[BlackFideId "2009064"]
[WhiteElo "2187"]
[BlackElo "2718"]
[Result "1-0"]
[Round "02"]
[TimeControl "180+1"]
[Date "2021.08.17"]
[WhiteClock "0:01:21"]
[BlackClock "0:00:05"]

1. d4 Nf6 2. c4 g6 3. Nc3 d5 4. Bf4 Bg7 5. e3 c5 6. dxc5 Qa5 7. Rc1 dxc4 8. Bxc4 O-O 9. Qb3 Nbd7 10. Qb5 Qxb5 11. Nxb5 Ne4 12. b4 a5 13. Nc7 Ra7 14. Nb5 Ra8 15. f3 e5 16. fxe4 exf4 17. Nc7 Rb8 18. exf4 axb4 19. Nf3 Bc3+ 20. Kf2 Nxc5 21. e5 Bf5 22. Nd5 Be6 23. Nxc3 Bxc4 24. Nb1 Nd3+ 25. Ke3 Nxc1 26. Rxc1 Rfc8 27. a3 b3 28. Nbd2 b5 29. Nd4 Ra8 30. Nb1 Bd5 31. Rd1 b2 32. Rd2 Ba2 33. Rxb2 Bxb1 34. Rxb1 Rxa3+ 35. Ke4 Ra2 36. g4 Rxh2 37. Rxb5 h6 38. f5 g5 39. e6 fxe6 40. fxe6 Rh1 41. Rb7 Re1+ 42. Kf5 Rd1 43. Rd7 Kh8 44. e7 Re8 45. Rd8 Rxd4 46. Rxe8+ Kg7 47. Rg8+ Kxg8 48. e8=Q+ Kg7 49. Qe5+ Kh7 50. Qxd4 1-0


[Site "https://www.chess.com"]

[Event "Titled Tuesday Blitz August 17 2021"]
[White "Marcziter, Dmitrii"]
[Black "Silich, Yahor"]
[WhiteFideId "13900765"]
[BlackFideId "13513656"]
[WhiteElo "2155"]
[BlackElo "2142"]
[Result "0-1"]
[Round "02"]
[TimeControl "180+1"]
[Date "2021.08.18"]
[WhiteClock "0:00:11"]
[BlackClock "0:00:30"]

1. e4 c5 2. Nc3 Nc6 3. g3 g6 4. Bg2 Bg7 5. d3 e6 6. Be3 Nd4 7. Nce2 Ne7 8. c3 Nxe2 9. Nxe2 d6 10. Qd2 h5 11. h4 Rb8 12. d4 cxd4 13. Bxd4 e5 14. Bxa7 Ra8 15. Be3 Be6 16. O-O O-O 17. b3 Qc7 18. c4 Nc6 19. Rac1 Rfd8 20. Rfd1 Ra6 21. Bg5 Rd7 22. Bh6 Bxh6 23. Qxh6 Rxa2 24. Rd2 Rxd2 25. Qxd2 Bg4 26. f3 Be6 27. Kh2 Qc8 28. Bh3 Bxh3 29. Kxh3 d5 30. Rd1 Rd8+ 31. Kg2 dxe4 32. Qe1 exf3+ 33. Kxf3 Qf5+ 34. Kg2 Rd3 35. Rxd3 Qxd3 36. Nc1 Qd4 37. Qe2 e4 38. Qf2 Kg7 39. Qxd4+ Nxd4 40. Kf2 Kf6 41. Ke3 Ke5 42. Kd2 Nf5 43. Ne2 Nd4 44. Nc1 f6 45. Kc3 g5 46. b4 gxh4 47. gxh4 f5 48. c5 f4 49. Kc4 f3 50. Nb3 Nxb3 51. Kxb3 f2 52. b5 f1=Q 53. c6 Qxb5+ 0-1


[Site "https://www.chess.com"]

[Event "Titled Tuesday Blitz August 17 2021"]
[White "Martin Carmona, Gaston Manuel"]
[Black "Goryachkina, Aleksandra"]
[WhiteFideId "22284567"]
[BlackFideId "4147103"]
[WhiteElo "2161"]
[BlackElo "2441"]
[Result "1-0"]
[Round "02"]
[TimeControl "180+1"]
[Date "2021.08.17"]
[WhiteClock "0:00:18"]
[BlackClock "0:00:04"]

1. d4 Nf6 2. c4 g6 3. Nc3 d5 4. cxd5 Nxd5 5. e4 Nxc3 6. bxc3 Bg7 7. Nf3 c5 8. Rb1 O-O 9. Be2 b6 10. O-O Bb7 11. e5 Be4 12. Bd3 Bxd3 13. Qxd3 cxd4 14. cxd4 e6 15. Ng5 h6 16. Ne4 Nc6 17. Rd1 Ne7 18. Ba3 Kh8 19. Qh3 Rc8 20. Nd6 Rc7 21. Rbc1 Nd5 22. Rxc7 Qxc7 23. Rc1 Qd7 24. Qb3 Kg8 25. Qb5 Qxb5 26. Nxb5 Rd8 27. Bd6 a6 28. Nc7 Nf4 29. Kf1 a5 30. Rc6 f6 31. g3 Nd5 32. Nxe6 Re8 33. Nxg7 Kxg7 34. exf6+ Kxf6 35. Be5+ Kf7 36. Rd6 Ne7 37. Rxb6 Rc8 38. Rb7 Ke6 39. Rb6+ Kf7 40. Rb7 Ke6 41. Ra7 Rc1+ 42. Kg2 Nd5 43. Rxa5 Rc2 44. Ra6+ Kf7 45. Kf3 Rc3+ 46. Ke4 Nb4 47. Ra7+ Ke6 48. d5+ Nxd5 49. Bxc3 Nxc3+ 50. Kd3 1-0


[Site "https://www.chess.com"]

[Event "Titled Tuesday Blitz August 17 2021"]
[White "Martins, Igor Carvalho Ribeiro"]
[Black "Atabayev, Saparmyrat"]
[WhiteFideId "2162962"]
[BlackFideId "14000571"]
[WhiteElo "2469"]
[BlackElo "2483"]
[Result "0-1"]
[Round "02"]
[TimeControl "180+1"]
[Date "2021.08.17"]
[WhiteClock "0:00:44"]
[BlackClock "0:01:14"]

1. Nf3 d5 2. d4 Nf6 3. c4 e6 4. Nc3 c5 5. cxd5 Nxd5 6. e4 Nxc3 7. bxc3 cxd4 8. cxd4 Bb4+ 9. Bd2 Bxd2+ 10. Qxd2 O-O 11. Bc4 b6 12. O-O Bb7 13. Rfe1 Nd7 14. a4 Rc8 15. Bd3 h6 16. a5 Qc7 17. axb6 axb6 18. Rac1 Qd6 19. Rxc8 Rxc8 20. Rc1 Rd8 21. h3 Nf8 22. Qe3 Ng6 23. e5 Qd7 24. Be4 Ne7 25. Bxb7 Qxb7 26. Rb1 b5 27. Qb3 Rb8 28. Kh2 b4 29. Rc1 Qd5 30. Qxd5 Nxd5 31. Nd2 b3 32. Rb1 b2 33. Nc4 Rb4 34. Nxb2 Nf4 0-1


[Site "https://www.chess.com"]

[Event "Titled Tuesday Blitz August 17 2021"]
[White "Martins, Vinicius Tine"]
[Black "Ozen, Bahadir"]
[WhiteFideId "2112884"]
[BlackFideId "6337058"]
[WhiteElo "2373"]
[BlackElo "2503"]
[Result "0-1"]
[Round "02"]
[TimeControl "180+1"]
[Date "2021.08.17"]
[WhiteClock "0:00:02"]
[BlackClock "0:00:13"]

1. d4 e6 2. c4 Nf6 3. Nc3 Bb4 4. e3 O-O 5. Ne2 c6 6. a3 Ba5 7. b4 Bc7 8. c5 d5 9. f4 a5 10. Bb2 b6 11. Nc1 axb4 12. axb4 Rxa1 13. Bxa1 bxc5 14. bxc5 Ba5 15. Bd3 Ba6 16. O-O Bxd3 17. Nxd3 Nbd7 18. Qa4 Qc7 19. Bb2 Ng4 20. Nd1 Bd2 21. Bc1 Bxc1 22. Nxc1 f6 23. h3 Nh6 24. Nd3 Nf5 25. Kf2 e5 26. g4 Ne7 27. Nc3 Ng6 28. Kg3 Re8 29. Nd1 exd4 30. exd4 Re4 31. Qa1 Ndf8 32. Kf3 Nxf4 33. N1f2 Nxd3 34. Nxe4 dxe4+ 35. Kxe4 Nb4 36. Qa8 Nd5 37. Kf3 Qf4+ 38. Ke2 Qe3+ 39. Kd1 Qxd4+ 40. Ke2 Qe3+ 41. Kd1 Nc3+ 42. Kc2 Qxc5 43. Rc1 Ne2+ 44. Kd2 Nxc1 0-1


[Site "https://www.chess.com"]

[Event "Titled Tuesday Blitz August 17 2021"]
[White "Maximov, Dmitry"]
[Black "Bychkov, Vladimir"]
[WhiteFideId "14105659"]
[BlackFideId "24151513"]
[WhiteElo "2494"]
[BlackElo "2308"]
[Result "1-0"]
[Round "02"]
[TimeControl "180+1"]
[Date "2021.08.17"]
[WhiteClock "0:01:26"]
[BlackClock "0:00:39"]

1. e4 c6 2. Nc3 d5 3. Qf3 dxe4 4. Nxe4 Nf6 5. Bc4 Qd4 6. d3 Bg4 7. Qf4 Bh5 8. Nf3 Bxf3 9. Bxf7+ Kd8 10. Qxf3 Nbd7 11. Bb3 h6 12. O-O Qe5 13. Bf4 Qh5 14. Qg3 g5 15. Bc7+ Ke8 16. Rae1 Bg7 17. Nd6+ Kf8 18. Nf5 Re8 19. Rxe7 Rxe7 20. Nxe7 Ne8 21. Re1 Bf6 22. Nf5 Nxc7 23. Qd6+ 1-0


[Site "https://www.chess.com"]

[Event "Titled Tuesday Blitz August 17 2021"]
[White "Maze, Sebastien"]
[Black "Waddingham, Graham A"]
[WhiteFideId "613762"]
[BlackFideId "400653"]
[WhiteElo "2462"]
[BlackElo "2330"]
[Result "1-0"]
[Round "02"]
[TimeControl "180+1"]
[Date "2021.08.18"]
[WhiteClock "0:00:11"]
[BlackClock "0:00:11"]

1. e4 e5 2. Nf3 Nc6 3. Bb5 a6 4. Bxc6 dxc6 5. O-O Bd6 6. d3 Qf6 7. Nbd2 Ne7 8. Nc4 h6 9. Ne1 Be6 10. Nxd6+ cxd6 11. f4 exf4 12. Bxf4 Ng6 13. Be3 Qe7 14. a4 O-O 15. Qh5 d5 16. e5 Qb4 17. d4 b5 18. Nf3 Qxb2 19. Bxh6 Qxc2 20. Rac1 Qf5 21. Bg5 Qg4 22. Qxg4 Bxg4 23. a5 Rac8 24. Nd2 f6 25. exf6 gxf6 26. Rxf6 Rxf6 27. Bxf6 Nf4 28. Re1 Rf8 29. Bh4 Ne2+ 30. Kh1 Nxd4 31. h3 Bh5 32. Re5 Bg6 33. Kg1 Kg7 34. Bf2 Nf5 35. Nf3 Re8 36. g4 Rxe5 37. Nxe5 Nd6 38. Nxc6 Nc4 39. Be1 Be4 40. Nb4 d4 41. Nxa6 d3 42. Nc5 Ba8 43. Nb3 Kg6 44. h4 Bf3 45. g5 Bd1 46. Nd2 Nxd2 47. Bxd2 Bf3 48. Kf2 Ba8 49. Kg3 Kh5 50. a6 Kg6 51. a7 Bb7 52. Be1 Bc6 53. Kf4 Bb7 54. Ke3 Kh5 55. Kxd3 b4 56. Kc4 Bd5+ 57. Kxb4 Kg6 58. Kc5 Bg2 59. Kd6 Bh1 60. Kc7 Bg2 61. Kb8 Be4 62. a8=Q Bxa8 63. Kxa8 Kh5 64. Kb7 Kg6 65. Kc6 Kh5 66. Kd5 Kg6 67. Ke4 Kh5 68. Kf4 Kg6 69. Kg4 Kh7 70. h5 Kg7 71. Bc3+ Kh7 72. g6+ Kg8 73. h6 Kf8 74. h7 1-0


[Site "https://www.chess.com"]

[Event "Titled Tuesday Blitz August 17 2021"]
[White "Mitrabha, Guha"]
[Black "Shlyakhetsky, Vladimir"]
[WhiteFideId "5057000"]
[BlackFideId "2805928"]
[WhiteElo "2334"]
[BlackElo "2168"]
[Result "1-0"]
[Round "02"]
[TimeControl "180+1"]
[Date "2021.08.18"]
[WhiteClock "0:01:46"]
[BlackClock "0:00:04"]

1. Nf3 e6 2. c4 d5 3. d4 c6 4. Nbd2 f5 5. g3 Nf6 6. Bg2 Be7 7. O-O O-O 8. Ne5 Nbd7 9. Ndf3 Nxe5 10. Nxe5 Nd7 11. Bf4 Nxe5 12. Bxe5 Bd7 13. Rc1 b5 14. cxb5 cxb5 15. Qb3 Rc8 16. Qe3 Qb6 17. Bf4 Bf6 18. Be5 Bxe5 19. Qxe5 Rxc1 20. Rxc1 Rc8 21. Rxc8+ Bxc8 22. Bf3 Bd7 23. h4 Kf7 24. Bh5+ Kg8 25. Kg2 g6 26. Bf3 h5 27. Qf6 Be8 28. Qe7 Bf7 29. e3 Qa5 30. a3 a6 31. Qd6 Qd2 32. b4 Qc2 33. Qxa6 Qa4 34. Qxa4 bxa4 35. Be2 Be8 36. Ba6 Kf8 37. b5 Ke7 38. b6 Kd6 39. Bc8 Bf7 40. Kf3 Kc6 41. b7 Kc7 42. Kf4 1-0


[Site "https://www.chess.com"]

[Event "Titled Tuesday Blitz August 17 2021"]
[White "Mitusov, Semen"]
[Black "Dang, Hoang Son"]
[WhiteFideId "14151049"]
[BlackFideId "12402435"]
[WhiteElo "2256"]
[BlackElo "2248"]
[Result "0-1"]
[Round "02"]
[TimeControl "180+1"]
[Date "2021.08.17"]
[WhiteClock "0:00:20"]
[BlackClock "0:00:27"]

1. e4 g6 2. d4 Bg7 3. Nc3 a6 4. Be3 d6 5. f3 Nd7 6. Qd2 b5 7. O-O-O Nb6 8. h4 h6 9. Nh3 Nf6 10. g4 Bb7 11. Nf4 Nfd7 12. h5 g5 13. Nfd5 e6 14. Nxb6 Nxb6 15. d5 b4 16. Nb1 O-O 17. Bd4 exd5 18. Bxg7 Kxg7 19. Qxb4 c5 20. Qd2 d4 21. c3 Rc8 22. Na3 d5 23. cxd4 cxd4+ 24. Kb1 dxe4 25. Qxd4+ Qxd4 26. Rxd4 exf3 27. Bd3 Rfd8 28. Nc2 Nd5 29. Be4 f2 30. Bxd5 Rxd5 31. Rxd5 Bxd5 32. Rf1 Bxa2+ 33. Kc1 Bb3 34. Rxf2 f5 35. gxf5 g4 36. f6+ Kf7 0-1


[Site "https://www.chess.com"]

[Event "Titled Tuesday Blitz August 17 2021"]
[White "Mogirzan, Matei-Valeriu"]
[Black "Quintiliano Pinto, Renato R."]
[WhiteFideId "1257455"]
[BlackFideId "2117568"]
[WhiteElo "1733"]
[BlackElo "2439"]
[Result "0-1"]
[Round "02"]
[TimeControl "180+1"]
[Date "2021.08.18"]
[WhiteClock "0:00:05"]
[BlackClock "0:00:26"]

1. e4 c5 2. Nf3 d6 3. d4 cxd4 4. Nxd4 Nf6 5. Nc3 a6 6. Bg5 e6 7. f4 h6 8. Bh4 Qb6 9. Qd2 Qxb2 10. Rb1 Qa3 11. e5 dxe5 12. fxe5 Nfd7 13. Ne4 Qxa2 14. Rb3 Qa1+ 15. Kf2 Qa4 16. Be2 Nc6 17. Nxe6 g5 18. Nc7+ Kd8 19. Nxa8 Qxe4 20. Bg3 Qd4+ 21. Qxd4 Nxd4 22. Rd3 Bc5 23. Ke1 Nxc2+ 24. Kd2 Nb4 25. e6 fxe6 26. Rc3 Nd5 27. Rxc5 Nxc5 28. Rc1 Nb3+ 29. Kc2 Nxc1 30. Kxc1 b5 31. Bf3 Bb7 32. Nb6 Ke7 33. Nxd5+ Bxd5 34. Bxd5 exd5 35. Be5 Rc8+ 36. Kb2 Rc4 37. Kb3 a5 38. Bc7 a4+ 39. Ka3 b4+ 40. Kxa4 Rxc7 41. Kxb4 Rc2 42. Kb3 Rxg2 43. h3 Rg3+ 44. Kb4 Rxh3 45. Kc5 Re3 46. Kxd5 Re6 47. Kd4 g4 0-1


[Site "https://www.chess.com"]

[Event "Titled Tuesday Blitz August 17 2021"]
[White "Moskalenko, Alexander"]
[Black "Aldokhin, Ivan"]
[WhiteFideId "4155351"]
[BlackFideId "24115720"]
[WhiteElo "2495"]
[BlackElo "2306"]
[Result "1-0"]
[Round "02"]
[TimeControl "180+1"]
[Date "2021.08.17"]
[WhiteClock "0:00:33"]
[BlackClock "0:00:01"]

1. e4 c5 2. Nc3 e6 3. Nf3 a6 4. d4 cxd4 5. Nxd4 Qc7 6. g3 Nf6 7. Bg2 d6 8. O-O Be7 9. a4 Nc6 10. Re1 Bd7 11. Nxc6 Bxc6 12. b3 O-O 13. Bb2 b5 14. axb5 axb5 15. Qd3 Qb7 16. f3 b4 17. Ne2 Bb5 18. Qd2 Bxe2 19. Qxe2 d5 20. Rxa8 Qxa8 21. f4 dxe4 22. Bxf6 Bxf6 23. Bxe4 Qa7+ 24. Kg2 Rd8 25. Bd3 Qd4 26. Qf3 g6 27. Re4 Qc5 28. Rc4 Qd6 29. Qb7 Rd7 30. Qxb4 Qd5+ 31. Be4 Qd1 32. Bd3 Rxd3 33. cxd3 Qe2+ 34. Kg1 Be7 35. Qc3 Bf6 36. d4 Kg7 37. b4 Qd1+ 38. Kf2 Qh5 39. h4 h6 40. Ke1 Qd5 41. Kd2 Qe4 42. Kc1 g5 43. hxg5 hxg5 44. fxg5 Bxg5+ 45. Kb2 Qe2+ 46. Kb3 Bd2 47. Qc2 Qf3+ 48. Kb2 Be3 49. Qc3 Qe2+ 50. Kb3 Qd1+ 51. Qc2 Qf3 52. Qd3 Qf2 53. d5 exd5 54. Rg4+ Kf8 55. Qxd5 Qf1 56. Qd8# 1-0


[Site "https://www.chess.com"]

[Event "Titled Tuesday Blitz August 17 2021"]
[White "Nakamura, Hikaru"]
[Black "Shahaliyev, Ismayil"]
[WhiteFideId "2016192"]
[BlackFideId "13406388"]
[WhiteElo "2900"]
[BlackElo "2105"]
[Result "1-0"]
[Round "02"]
[TimeControl "180+1"]
[Date "2021.08.17"]
[WhiteClock "0:02:21"]
[BlackClock "0:00:30"]

1. Nf3 d5 2. e3 Nf6 3. c4 e6 4. Nc3 c5 5. cxd5 exd5 6. d4 Nc6 7. Be2 Be7 8. O-O O-O 9. b3 Bg4 10. dxc5 Bxc5 11. Bb2 Rc8 12. h3 Bh5 13. Nh4 Bxe2 14. Nxe2 Ne4 15. Nf5 Qg5 16. Qxd5 Rfe8 17. h4 Qg4 18. f3 Bxe3+ 19. Nxe3 Qxh4 20. fxe4 1-0


[Site "https://www.chess.com"]

[Event "Titled Tuesday Blitz August 17 2021"]
[White "Nazaretyan, Tigran"]
[Black "Bortnyk, Olexandr"]
[WhiteFideId "24162345"]
[BlackFideId "14120828"]
[WhiteElo "2167"]
[BlackElo "2723"]
[Result "0-1"]
[Round "02"]
[TimeControl "180+1"]
[Date "2021.08.17"]
[WhiteClock "0:00:47"]
[BlackClock "0:00:21"]

1. d4 f5 2. Nf3 Nf6 3. g3 d6 4. Bg2 g6 5. O-O Bg7 6. c4 O-O 7. Nc3 c6 8. b3 a5 9. Ba3 Na6 10. Rc1 Kh8 11. Re1 Ne4 12. Qc2 Nb4 13. Qb1 Nxc3 14. Rxc3 f4 15. Rd1 Qb6 16. Bb2 Bf5 17. Qa1 a4 18. c5 Qb5 19. bxa4 Rxa4 20. Rb3 fxg3 21. hxg3 Bc2 22. d5 Bxb2 23. Qxb2+ Kg8 24. Rxb4 Rxb4 25. Qxc2 Rb2 26. Qd3 Qxd3 27. exd3 dxc5 28. dxc6 bxc6 29. Rd2 Rfb8 30. a4 Kg7 31. Rxb2 Rxb2 32. Ne5 Kf6 33. Nd7+ Ke6 34. Bxc6 Kd6 35. Bb5 Rxb5 36. axb5 Kxd7 37. Kg2 Kc7 38. Kf3 Kb6 39. Ke4 Kxb5 40. Kd5 Kb4 41. f4 h5 42. Ke6 Kc3 43. Kxe7 Kxd3 44. Kf6 c4 45. Kxg6 c3 46. f5 c2 47. f6 c1=Q 48. f7 Qc5 49. Kg7 Qg5+ 50. Kh7 Qf6 51. Kg8 Qg6+ 52. Kf8 Qxg3 53. Ke7 Qe5+ 54. Kd8 Qf6+ 55. Ke8 h4 56. f8=Q Qxf8+ 57. Kxf8 h3 58. Ke7 h2 59. Kf6 h1=Q 60. Ke5 Qe4+ 61. Kd6 Qf5 62. Kc7 Qe6 63. Kb7 Qd6 64. Ka8 Qd7 65. Kb8 Kc4 66. Ka8 Kb5 67. Kb8 Kb6 0-1


[Site "https://www.chess.com"]

[Event "Titled Tuesday Blitz August 17 2021"]
[White "Nitin, S."]
[Black "Szente Varga, Fruzsina"]
[WhiteFideId "5018277"]
[BlackFideId "712264"]
[WhiteElo "2431"]
[BlackElo "2106"]
[Result "1-0"]
[Round "02"]
[TimeControl "180+1"]
[Date "2021.08.18"]
[WhiteClock "0:00:21"]
[BlackClock "0:00:13"]

1. e4 e5 2. Nf3 Nc6 3. Nc3 Nf6 4. Bb5 Bc5 5. O-O d6 6. d4 exd4 7. Nxd4 Bxd4 8. Qxd4 O-O 9. Bxc6 bxc6 10. Bg5 c5 11. Qe3 Bb7 12. Rad1 Re8 13. Rfe1 Re6 14. e5 Rxe5 15. Qxe5 dxe5 16. Rxd8+ Rxd8 17. Rxe5 c4 18. f3 Rd6 19. Bxf6 gxf6 20. Re2 Kf8 21. Kf2 Bc8 22. Ne4 Rb6 23. c3 f5 24. Ng3 Be6 25. Rd2 Ke7 26. Ne2 c5 27. Ke3 Ra6 28. a3 Rb6 29. Nf4 Rb7 30. h4 Rb6 31. Rc2 Rd6 32. Rd2 Rb6 33. g3 Rb7 34. Nh3 Rb6 35. Nf2 h6 36. Re2 Kf6 37. Rc2 Rd6 38. Rd2 Rb6 39. Kf4 Rb7 40. Ke3 Rb6 41. Nd1 Ke5 42. Re2 f4+ 43. gxf4+ Kf5 44. Rd2 Rb7 45. Nf2 Re7 46. Ne4 Bd7 47. Rd5+ Kg6 48. Rxc5 f5 49. Rxc4 fxe4 50. fxe4 Bg4 51. Rc5 Rd7 52. b4 Rd1 53. f5+ Kf6 54. Kf4 h5 55. e5+ Kf7 56. Rc7+ Ke8 57. Kg5 Rf1 58. f6 Rf5+ 59. Kg6 Rxe5 60. f7+ Kf8 61. Rxa7 Re6+ 62. Kg5 Re7 63. Rxe7 Kxe7 64. Kg6 Be6 65. Kxh5 Bxf7+ 66. Kg5 Kd6 67. h5 Bc4 68. h6 Bd3 69. Kf6 Kd5 70. Kg7 Kc4 71. h7 Bxh7 72. Kxh7 Kxc3 73. b5 1-0


[Site "https://www.chess.com"]

[Event "Titled Tuesday Blitz August 17 2021"]
[White "Noritsyn, Nikolay"]
[Black "Rozhkov, Viacheslav"]
[WhiteFideId "2604922"]
[BlackFideId "4181484"]
[WhiteElo "2527"]
[BlackElo "2324"]
[Result "0-1"]
[Round "02"]
[TimeControl "180+1"]
[Date "2021.08.17"]
[WhiteClock "0:00:05"]
[BlackClock "0:00:09"]

1. d4 d5 2. c4 dxc4 3. Nf3 Nf6 4. e3 e6 5. Bxc4 a6 6. O-O c5 7. Be2 Nc6 8. Nc3 b5 9. Ne5 Nxe5 10. dxe5 Qxd1 11. Rxd1 Nd7 12. f4 Bb7 13. Kf2 Be7 14. Bf3 Bxf3 15. Kxf3 O-O-O 16. Bd2 f6 17. exf6 gxf6 18. a4 b4 19. Ne4 f5 20. Nf2 Nf6 21. Be1 Kb7 22. h3 h5 23. b3 h4 24. Rac1 Rhg8 25. Rxd8 Rxd8 26. Rd1 Rg8 27. Nd3 Ne4 28. Ne5 Bd6 29. Bxh4 Bxe5 30. fxe5 Kc6 31. g4 c4 32. gxf5 exf5 33. bxc4 Kc5 34. e6 Kxc4 35. e7 b3 36. Rd8 b2 37. Rd1 Rb8 38. Rb1 Kc3 39. Kf4 Nd2 40. Rxb2 Kxb2 41. Kxf5 Nc4 42. Ke6 Nxe3 43. Kd7 Nd5 44. e8=Q Rxe8 45. Kxe8 Nf4 46. Kf7 Nxh3 47. Bd8 Kb3 48. a5 Kb4 49. Ke6 Kb5 50. Kd5 Nf4+ 51. Kd4 Ne6+ 0-1


[Site "https://www.chess.com"]

[Event "Titled Tuesday Blitz August 17 2021"]
[White "Nouri, Alekhine"]
[Black "Indjic, Aleksandar"]
[WhiteFideId "5216184"]
[BlackFideId "911925"]
[WhiteElo "1894"]
[BlackElo "2643"]
[Result "0-1"]
[Round "02"]
[TimeControl "180+1"]
[Date "2021.08.17"]
[WhiteClock "0:00:35"]
[BlackClock "0:00:30"]

1. e4 c6 2. d4 d5 3. exd5 cxd5 4. Bd3 Nc6 5. c3 Qc7 6. Ne2 Bg4 7. f3 Bd7 8. Bf4 Qb6 9. O-O Nf6 10. Kh1 g6 11. Nd2 Bg7 12. Nb3 O-O 13. Nc5 Bc8 14. b4 Qd8 15. Qd2 b6 16. Nb3 a5 17. b5 Na7 18. a4 Bb7 19. Bh6 Nc8 20. Bxg7 Kxg7 21. Rae1 Nd6 22. Ng3 Rc8 23. Nc1 Rc7 24. Nce2 Qd7 25. h4 Nc4 26. Qg5 h6 27. Qc1 e6 28. Nf4 Re8 29. h5 g5 30. Nh3 Ng8 31. Ne2 f5 32. g4 f4 33. Rg1 Kh8 34. Nexf4 gxf4 35. Nxf4 e5 36. Ng6+ Kg7 37. g5 Qh3# 0-1


[Site "https://www.chess.com"]

[Event "Titled Tuesday Blitz August 17 2021"]
[White "Obregon, Andres Carlos"]
[Black "Chernobay, Artem"]
[WhiteFideId "111724"]
[BlackFideId "4167406"]
[WhiteElo "2572"]
[BlackElo "2480"]
[Result "0-1"]
[Round "02"]
[TimeControl "180+1"]
[Date "2021.08.17"]
[WhiteClock "0:00:33"]
[BlackClock "0:00:37"]

1. d4 Nf6 2. Nf3 g6 3. Bg5 Bg7 4. Nbd2 d5 5. e3 O-O 6. Be2 b6 7. a4 a6 8. a5 b5 9. Ne5 Bb7 10. b4 Nbd7 11. Nxd7 Qxd7 12. Bf3 Qd6 13. c3 e5 14. O-O e4 15. Be2 Bc8 16. Bf4 Qe7 17. Be5 c6 18. Qe1 Bh6 19. Kh1 Ng4 20. Bg3 Bg7 21. h3 Nh6 22. f3 exf3 23. Bxf3 Nf5 24. e4 Nxg3+ 25. Qxg3 Bh6 26. Qf2 Bxd2 27. Qxd2 dxe4 28. Rae1 f5 29. Bd1 Be6 30. Bc2 Bd5 31. Rf2 Rae8 32. Qe3 Qd6 33. g3 Kg7 34. Kh2 Rf7 35. Ref1 Ref8 36. h4 h6 37. Bd1 Bc4 38. Re1 f4 39. gxf4 Rxf4 40. Rxf4 Rxf4 41. Kg2 Qf6 42. h5 Bf1+ 43. Kh2 Qh4+ 44. Kg1 Qg5+ 0-1


[Site "https://www.chess.com"]

[Event "Titled Tuesday Blitz August 17 2021"]
[White "Oganisian, Roman"]
[Black "Drygalov, Sergey"]
[WhiteFideId "4153006"]
[BlackFideId "24171743"]
[WhiteElo "2204"]
[BlackElo "2514"]
[Result "0-1"]
[Round "02"]
[TimeControl "180+1"]
[Date "2021.08.17"]
[WhiteClock "0:00:17"]
[BlackClock "0:00:44"]

1. e4 c5 2. Nc3 e6 3. g4 d5 4. Bg2 d4 5. Nce2 Nc6 6. Ng3 Bd6 7. d3 Qc7 8. N1e2 Bd7 9. f4 O-O-O 10. e5 Be7 11. O-O f6 12. Ne4 fxe5 13. fxe5 Nxe5 14. Bf4 Nf6 15. N2g3 Nd5 16. c3 dxc3 17. bxc3 Nxf4 18. Rxf4 Rhf8 19. Rxf8 Rxf8 20. d4 Ng6 21. dxc5 Bxc5+ 22. Kh1 Be7 23. Qb3 Nf4 24. Rd1 Nxg2 25. Kxg2 Kb8 26. Kh3 g6 27. c4 e5 28. c5 h5 29. Nd6 Bxg4+ 30. Kg2 Bf3+ 0-1


[Site "https://www.chess.com"]